 Dungeon Crawl Stone Soup version 0.28-a0-60-g54b5640690 (webtiles) character file.

Game seed: 14601685017565168482

46 Demosthentine the Poker (level 3, -3/28 HPs)
             Began as a Merfolk Gladiator on July 30, 2021.
             Slain by Terence (11 damage)
             ... on level 2 of the Dungeon.
             The game lasted 00:00:46 (1016 turns).

Demosthentine the Poker (Merfolk Gladiator)         Turns: 1016, Time: 00:00:46

Health: -3/28      AC:  4    Str: 15    XL:     3   Next: 68%
Magic:  3/3        EV: 13    Int:  7    God:
Gold:   31         SH:  0    Dex: 15    Spells: 2/2 levels left

rFire   . . .      SeeInvis .   a - +0 trident
rCold   . . .      Faith    .   (no shield)
rNeg    . . .      Spirit   .   b - +0 leather armour
rPois   .          Reflect  .   c - +0 helmet
rElec   .          Harm     .   (no cloak)
rCorr   .          Rampage  .   (no gloves)
Will    .....                   (no boots)
Stlth   +.........              (no amulet)
HPRegen 0.09/turn               (no ring)
MPRegen 0.08/turn               (no ring)

@: no status effects
A: (nimble swimmer 2), mertail
a: no special abilities


You were on level 2 of the Dungeon.
You visited 1 branch of the dungeon, and saw 2 of its levels.

You collected 31 gold pieces.

Inventory:

Hand Weapons
 a - a +0 trident (weapon)
Missiles
 d - a throwing net (quivered)
Armour
 b - a +0 leather armour (worn)
 c - a +0 helmet (worn)
Jewellery
 g - a ring of resist corrosion
Potions
 f - a potion of curing


   Skills:
 + Level 2.8 Fighting
 + Level 5.0 Polearms
 - Level 2.0 Throwing
 + Level 1.0 Armour
 + Level 4.6 Dodging


You had 2 spell levels left.
You didn't know any spells.
Your spell library contained the following spells:

 Spells                   Type           Power      Damage    Failure   Level
 Sting                    Tmut/Pois      0%         1d3       50%         1
 Poisonous Vapours        Pois/Air       0%         N/A       65%         2
 Gell's Gravitas          Tloc           0%         N/A       86%         3
 Teleport Other           Tloc           0%         N/A       86%         3
 Olgreb's Toxic Radiance  Pois           0%         N/A       99%         4
 Dispersal                Tloc           0%         N/A       100%        6


Dungeon Overview and Level Annotations

Branches:
Dungeon (2/15)

Altars:

Annotations:
D:2 Terence


Innate Abilities, Weirdness & Mutations

((You are quick and stealthy near water. (Stealth+, EV+, Speed+++)))
Your lower body shifts to a powerful aquatic tail in water.


Message History

Terence is heavily wounded.
Terence struggles against the net.
You hit Terence but do no damage.
Terence is heavily wounded.
Terence struggles against the net.
The net rips apart, and Terence comes free!
You hit Terence.
Terence is severely wounded.
Terence drinks a potion.
Terence is healed!
You hit Terence.
Terence is heavily wounded.
Terence barely misses you.
Throw: 2 throwing nets
Press: ? - help, Q - select action Shift-Dir - straight line, f/p - Terence
Aim: Terence, wielding a +0 vorpal flail and wearing a +0 chain mail (heavily wounded, 68% to hit)
You throw a throwing net. The throwing net hits Terence.
Terence is caught in the net!
Terence is heavily wounded.
Terence struggles against the net.
You hit Terence but do no damage.
Terence is heavily wounded.
Terence struggles against the net.
You hit Terence.
Terence is severely wounded.
Terence struggles against the net.
You hit Terence.
Terence is almost dead.
Terence struggles against the net.
You hit Terence but do no damage.
Terence is almost dead.
Terence struggles against the net. x2
The net rips apart, and Terence comes free!
You barely miss Terence.
Terence is almost dead.
Terence hits you with a +0 vorpal flail.
* * * LOW HITPOINT WARNING * * *
You hit Terence but do no damage.
Terence is almost dead.
Terence hits you with a +0 vorpal flail!
You die...

#..........#
#.#####.##.#
#.##.# #.##.#
#.##.# #.##.# #
#.##.##### .#
#.#......# #.
#..###@# . #..#
#@# .#
#..###S#####.#
.......S...)..#
#######.......#
................
##########.#####
... ###


You could see Terence and 2 ball pythons.

Vanquished Creatures
  An adder (D:2)
  A dart slug (D:1)
  3 bats (D:1)
  4 endoplasms
  A giant cockroach (D:1)
  4 goblins
  A hobgoblin (D:1)
  4 jackals (D:1)
  2 quokkas (D:1)
  3 ball pythons
  3 frilled lizards (D:1)
  3 kobolds (D:1)
  3 rats (D:1)
33 creatures vanquished.

Notes
Turn   | Place    | Note
-------+----------+-------------------------------------------
     0 | D:1      | Demosthentine the Merfolk Gladiator began the quest for the
                  | Orb.
     0 | D:1      | Reached XP level 1. HP: 16/16 MP: 1/1
    86 | D:1      | Reached XP level 2. HP: 23/23 MP: 2/2
   504 | D:1      | Reached XP level 3. HP: 28/28 MP: 3/3
   840 | D:1      | Found a faded altar of an unknown god.
   990 | D:2      | Noticed Terence
   995 | D:2      | Reached skill level 5 in Polearms
   995 | D:2      | Reached skill level 1 in Armour
  1016 | D:2      | Slain by Terence

Illustrated notes

Levels and vault maps discovered:
D:1:      minmay_arrival_nine_rooms, layout_loops_ring,
          chequers_ecumenical_altar_lobes
D:2:      layout_loops_ring, basic_altar, uniq_terence

Skill      XL: |  1  2  3 |
---------------+----------+-----
Polearms       | 5 |  5.0
Armour         | 1 |  1.0
Fighting       | |  2.8
Throwing       | |  2.0
Dodging        | |  4.6

Action                   || total
-------------------------++-------
Melee: Trident           ||   105
Throw: Throwing net      ||     2
  Use: Scroll            ||     1
 Stab: Sleeping          ||     3
       Held in net/web   ||     2
Armor: Leather armour    ||    20
Dodge: Dodged            ||    45

Table legend: (Time is in decaauts)
 A = Elapsed time spent in this place.
 B = Non-inter-level travel time spent in this place.
 C = Inter-level travel time spent in this place.
 D = Time resting spent in this place.
 E = Time spent auto-exploring this place.
 F = Levels seen in this place.
 G = Mean time per level.
                   A        B        C        D        E       F      G
               +--------+--------+--------+--------+--------+-----+--------+
         Total |   1022 |   1008 |     14 |      0 |    806 |   2 |  511.0 |
       Dungeon |   1022 |   1008 |     14 |      0 |    806 |   2 |  511.0 |
               +--------+--------+--------+--------+--------+-----+--------+

Top non-repeatable levels by time:
     D:1: 948 daAuts
     D:2: 73 daAuts
